 Dungeon Crawl Stone Soup version 0.19.0-2-gae57169 (webtiles) character file.

735 HandofTrog the Cleaver (level 8, -1/51 HPs)
             Began as a Halfling Fighter on Nov 3, 2016.
             Slain by an ogre
             ... wielding a +0 giant club
              (24 damage)
             ... on level 5 of the Dungeon.
             The game lasted 00:18:30 (5058 turns).

HandofTrog the Cleaver (Halfling Fighter)           Turns: 5058, Time: 00:18:30

Health: -1/51      AC:  9    Str: 19    XL:     8   Next: 4%
Magic:  8/8        EV:  9    Int:  8    God:
Gold:   78         SH:  9    Dex: 14    Spells: 0 memorised, 7 levels left

rFire  + . .     SeeInvis .     a - +0 war axe
rCold  x . .     Gourm    .     F - +3 ring mail of the Shining Light {Int+2}
rNeg   . . .     Faith    .     c - +0 shield
rPois  .         Spirit   .     h - +0 helmet
rElec  .         Reflect  .     (no cloak)
rCorr  .         Harm     .     (no gloves)
MR     .....                    (no boots)
Stlth  +.........               d - amulet of magic regeneration
                                (no ring)
                                E - ring of fire

@: no status effects
A: mutation resistance 1
a: no special abilities


You were on level 5 of the Dungeon.
You were not hungry.

You visited 1 branch of the dungeon, and saw 5 of its levels.

You collected 285 gold pieces.
You spent 207 gold pieces at shops.

Inventory:

Hand Weapons
 a - a +0 war axe (weapon)
 r - a +0 hunting sling
 s - a +0 scythe
 v - a +2 dagger of venom
Missiles
 n - 223 stones (quivered)
 p - 26 poisoned needles
 w - 30 sling bullets
Armour
 c - a +0 shield (worn)
 h - a +0 helmet (worn)
 o - a +0 plate armour
 F - the +3 ring mail of the Shining Light (worn) {Int+2}
   (You bought it in a shop on level 4 of the Dungeon)

   It affects your intelligence (+2).
Jewellery
 d - an amulet of magic regeneration (around neck)
 D - an uncursed amulet of faith
 E - a ring of fire (left hand)
Wands
 q - a wand of flame (19/48)
 x - a wand of slowing (24/48)
Scrolls
 b - a scroll of noise {unknown}
 e - 3 scrolls of identify
 j - 4 scrolls of fog
 k - 3 scrolls of teleportation {unknown}
 u - 3 scrolls of remove curse {unknown}
 y - a scroll of fear {unknown}
 B - a scroll of random uselessness {unknown}
 G - a scroll of enchant armour {unknown}
Potions
 g - a potion of curing
 i - a potion of flight
 m - a potion of cure mutation
 t - a potion of resistance
 A - a potion of lignification
 H - a potion of magic {unknown}
Comestibles
 f - 2 bread rations
 l - 4 fruits
 z - a slice of pizza
 C - a beef jerky
 I - 2 chunks of flesh


   Skills:
 + Level 2.8 Fighting
 - Level 8.5 Axes
 - Level 3.2 Armour
 - Level 3.2 Shields


You had 7 spell levels left.
You didn't know any spells.

Dungeon Overview and Level Annotations

Branches:
Dungeon (5/15)
 Temple: D:4-7

Altars:

Shops:
D:4 ([!


Innate Abilities, Weirdness & Mutations

You are small and have problems with some larger weapons.
You are somewhat resistant to further mutation.


Message History

The ogre hits you with a giant club!
You hit the ogre.
The ogre is heavily wounded.
You block the ogre's attack.
You hit the ogre but do no damage.
The ogre is heavily wounded.
The ogre hits you but does no damage.
You barely miss the ogre.
The ogre is heavily wounded.
The ogre hits you with a giant club!
You barely miss the ogre.
The ogre is heavily wounded.
You block the ogre's attack.
You barely miss the ogre.
The ogre is heavily wounded.
You block the ogre's attack.
You hit the ogre.
The ogre is heavily wounded.
The ogre hits you with a giant club!!
You die...

####
#########.(#########
#..............O@..#
..#######..#######.#
### #(.# # .(..#
...... .....####
..... ..... .....:


You could see an ogre.

Vanquished Creatures
  Sigmund (D:2)
  Eustachio (D:4)
  An ogre (D:4)
  A howler monkey (D:5)
  A bullfrog zombie (D:5)
  An orc priest (D:4)
  A gnoll shaman (D:4)
  Terence (D:2)
  4 gnolls (D:4)
  8 adders
  5 worms
  A dart slug (D:1)
  2 leopard geckos
  8 orcs
  3 giant cockroaches (D:3)
  4 hobgoblins
  9 jackals
  6 kobolds
  A quokka (D:3)
  12 bats
  4 frilled lizards
  6 goblins
  3 rats
84 creatures vanquished.

Notes
Turn   | Place    | Note
-------+----------+-------------------------------------------
     0 | D:1      | HandofTrog the Halfling Fighter began the quest for the Orb.
     0 | D:1      | Reached XP level 1. HP: 15/15 MP: 1/1
   373 | D:1      | Reached XP level 2. HP: 20/20 MP: 2/2
   523 | D:1      | Reached skill level 3 in Axes
   881 | D:2      | Noticed Terence
   889 | D:2      | Killed Terence
   889 | D:2      | Reached XP level 3. HP: 25/25 MP: 3/3
  1175 | D:2      | Reached XP level 4. HP: 29/30 MP: 4/4
  1195 | D:2      | Reached skill level 4 in Axes
  1636 | D:2      | Noticed Sigmund
  1671 | D:2      | Killed Sigmund
  1671 | D:2      | Reached skill level 6 in Axes
  1671 | D:2      | Reached XP level 5. HP: 16/35 MP: 5/5
  1671 | D:2      | Reached XP level 6. HP: 19/41 MP: 6/6
  3185 | D:4      | Noticed an ogre
  3351 | D:4      | Found Bioc's Weapon Shop.
  3424 | D:4      | Killed an ogre
  3424 | D:4      | Reached skill level 7 in Axes
  3424 | D:4      | Reached XP level 7. HP: 4/45 MP: 7/7
  4085 | D:4      | Noticed Eustachio
  4113 | D:4      | Killed Eustachio
  4163 | D:4      | Found Zonlucko's Antique Armour Shoppe.
  4179 | D:4      | Bought an ichor-stained ring mail for 207 gold pieces
  4189 | D:4      | Identified the +3 ring mail of the Shining Light {Int+2} (You bought it in a shop on level 4 of the Dungeon)
  4523 | D:4      | Reached skill level 8 in Axes
  4784 | D:4      | Found Booqah's Distillery.
  4926 | D:5      | Entered Level 5 of the Dungeon
  5022 | D:5      | Reached XP level 8. HP: 47/51 MP: 8/8
  5058 | D:5      | Slain by an ogre

Skill      XL: |  1  2  3  4  5  6  7 |
---------------+----------------------+-----
Axes           | 3 6 7 8 |  8.5
Fighting       | |  2.8
Armour         | |  3.2
Shields        | |  3.2

Action                   |  1- 3 |  4- 6 |  7- 9 || total
-------------------------+-------+-------+-------++-------
Melee: War axe           |    78 |   189 |   107 ||   374
Throw: Stone             |     2 |    16 |     2 ||    20
  Use: Scroll            |     4 |     3 |       ||     7
       Potion            |       |       |     2 ||     2
  Eat: Chunk             |     1 |     5 |     5 ||    11
       Pizza             |       |     1 |       ||     1
       Bread ration      |       |       |     1 ||     1
Armor: Scale mail        |    31 |       |       ||    31
       Plate armour      |    18 |   114 |    42 ||   174
       Ring mail         |       |       |    12 ||    12
Dodge: Dodged            |    25 |    30 |    31 ||    86
Block: Shield            |    44 |    97 |    55 ||   196
